AoeStats
← Mhafiki

Arabian Desert

509810970Analyzed
1v1 RM · 3d ago on Sep 28, 2026· 61m 6s· 2 players
Game mode
Random Map
Map size
Tiny (2 player)
Population
200
Speed
Normal
Resources
Standard
Victory
Conquest
Starting age
Dark Age
Ending age
Imperial Age
RankedLock teamsTeams togetherTeam positionsShared explorationLock speedFull tech treeHidden civsTurbo modeCheats
Victory
Defeat
🇺🇸 Poles · United States
1114
+16
🇲🇽 Aztecs · Mexico
1122
-16
Mhafiki
1:10 Loom
2:00 Loom
11:25 Feudal Age
12:44 Double-Bit Axe
14:19 Horse Collar
18:42 Castle Age
17:57 Forging
19:48 Heavy Plow
21:51 Bow Saw
22:20 Wheelbarrow
22:10 Bloodlines
22:16 Gold Mining
22:18 Crossbowman
24:31 Bloodlines
27:15 Fletching
27:26 Padded Archer Armor
27:10 Light Cavalry
28:21 Bodkin Arrow
29:33 Leather Archer Armor
31:17 Iron Casting
30:48 Scale Barding Armor
31:12 Thumb Ring
31:34 Scale Barding Armor
33:52 Thumb Ring
36:31 Imperial Age
35:46 Stone Mining
36:37 Chain Barding Armor
37:15 Ballistics
38:54 Bracer
39:55 Chemistry
40:51 Blast Furnace
39:16 Winged Hussar
39:56 Husbandry
40:45 Stone Shaft Mining
41:14 Crop Rotation
41:41 Conscription
43:29 Arbalester
44:14 Thumb Ring
46:20 Hoardings
49:19 Lechitic Legacy
49:53 Masonry
49:25 Treadmill Crane
56:29 Spies/Treason
PolloRizzo
1:39 Loom
2:14 Loom
13:03 Feudal Age
20:12 Castle Age
18:25 Horse Collar
19:03 Double-Bit Axe
20:05 Scale Mail Armor
20:13 Stone Mining
22:11 Squires
22:42 Forging
23:40 Gambesons
24:13 Bow Saw
27:49 Wheelbarrow
28:41 Pikeman
35:30 Chain Mail Armor
36:58 Fletching
40:38 Imperial Age
39:40 Iron Casting
41:17 Heavy Plow
43:35 Blast Furnace
43:05 Plate Mail Armor
43:05 Eagle Warrior
44:33 Conscription
46:21 Capped Ram
47:27 Hand Cart
56:42 Siege Ram
Connection lost

Rejoining the realm…

Still unreachable

The connection could not be restored.

Session expired

The server has moved on; the page needs a fresh start.